 Dungeon Crawl Stone Soup version 0.16-a0-2622-gbfab2ba (webtiles) character file.

60 PolkaDot the Caller (level 3, 0/24 HPs)
             Began as a Vampire Summoner on Nov 22, 2014.
             Slain by a giant newt (1 damage)
             ... on level 2 of the Dungeon.
             The game lasted 00:05:18 (1651 turns).

PolkaDot the Caller (Vampire Summoner)              Turns: 1651, Time: 00:05:19

Health: 0/24       AC:  5    Str: 12    XL:     3   Next: 80%
Magic:  2/6        EV: 11    Int: 18    God:
Gold:   102        SH:  0    Dex: 14    Spells: 2 memorised, 3 levels left

rFire  . . .     SeeInvis +     m - -2 hunting sling (curse)
rCold  . . .     Clarity  .     i - +0 leather armour
rNeg   . . .     SustAb   +     (no shield)
rPois  .         Gourm    .     k - +0 helmet
rElec  .         Spirit   .     e - +0 cloak (curse)
rCorr  .         Warding  .     (no gloves)
rMut   .         Stasis   .     (no boots)
MR     .....                    (no amulet)
Stlth  ++........               g - ring of sustain abilities
                                j - ring of sustain abilities

@: mighty, lethally poisoned, regenerating quickly, not resistant to hostile
enchantments, unstealthy
A: bottle blood, fangs 3, see invisible, unbreathing
a: no special abilities


You were on level 2 of the Dungeon.
You were very full.

You visited 1 branch of the dungeon, and saw 2 of its levels.

You collected 102 gold pieces.

Inventory:

Hand weapons
 l - a +0 rapier
 m - a cursed -2 hunting sling (weapon)
Armour
 e - a cursed +0 cloak (worn)
 i - a +0 leather armour (worn)
 k - a +0 helmet (worn)
Jewellery
 g - a ring of sustain abilities (right hand)
 j - a ring of sustain abilities (left hand)
Books
 b - a book of Callings

   Spells                             Type                      Level
   *Summon Small Mammal               Summoning                    1
   *Call Imp                          Summoning                    2
   Call Canine Familiar               Summoning                    3
   Summon Guardian Golem              Hexes/Summoning              4
   Summon Lightning Spire             Summoning/Air                4
   Summon Ice Beast                   Ice/Summoning                4


   Skills:
 * Level 1.5 Short Blades
 + Level 1.5 Armour
 - Level 2.1 Dodging
 - Level 3.0 Stealth
 - Level 2.0 Spellcasting
 - Level 4.6 Summonings


You had 3 spell levels left.
You knew the following spells:

 Your Spells              Type           Power        Failure   Level  Hunger
a - Summon Small Mammal   Summ           ###.         2%          1    #......
s - Call Imp              Summ           ###.....     4%          2    ###....


Dungeon Overview and Level Annotations

Branches:
Dungeon (2/15)

Altars:
Zin


Innate Abilities, Weirdness & Mutations

Your natural rate of healing is unusually fast.
You can bottle blood from corpses.
You have razor-sharp teeth.
You have supernaturally acute eyesight.
You can survive without breathing.


Message History

A beastly little devil appears in a puff of frigid air.
You feel sick. The adder bites you.
* * * LOW HITPOINT WARNING * * *
You are lethally poisoned!
The adder poisons you! The giant newt closely misses you.
The adder barely misses you.
Drink which item? (? for menu, Esc to quit)
You feel very mighty all of a sudden. The giant newt barely misses you.
The adder barely misses you.
You clumsily bash the adder.
You kill the adder!
* * * LOW HITPOINT WARNING * * *
You feel sick. The giant newt closely misses you.
You closely miss the giant newt.
The giant newt is heavily wounded.
* * * LOW HITPOINT WARNING * * *
You feel sick.
The giant newt bites you but does no damage.
The giant newt bites you.
You die...

......#.####.#.....#.#
#######.# #.#.#.###.#
#.####.#.#.....#
#####......#.#######*******
#....#######†# *,,,,,*
#....#######.# #####,**,**
#....'.......# #...,,**,*
#....############.######.#
#....# #.l@5.(.......#
##'### #.####.######## #(#
#,* #.# ####.# *,####.#
.....# *,#....#
#############*,#.####
.............,,#.#
#############**#.#
#..........# #.#


You could see a giant newt and a friendly white imp.

Vanquished Creatures
  2 adders (D:2)
  A giant gecko (D:1)
  An ooze (D:2)
  A bat (D:2)
  A hobgoblin (D:1)
  8 kobolds
  2 giant newts (D:2)
  3 goblins (D:2)
  4 rats
23 creatures vanquished.

Vanquished Creatures (collateral kills)
  Ijyb (D:2)
  A goblin (D:1)
  4 hobgoblins
  3 jackals (D:1)
  2 kobolds
  2 bats (D:1)
13 creatures vanquished.

Grand Total: 36 creatures vanquished

Notes
Turn   | Place    | Note
--------------------------------------------------------------
     0 | D:1      | PolkaDot, the Vampire Summoner, began the quest for the Orb.
     0 | D:1      | Reached XP level 1. HP: 13/13 MP: 3/3
   401 | D:1      | Reached XP level 2. HP: 14/19 MP: 0/4
   668 | D:1      | Learned a level 2 spell: Call Imp
   822 | D:2      | Found a glowing silver altar of Zin.
   992 | D:2      | Noticed Ijyb
  1024 | D:2      | Killed Ijyb
  1024 | D:2      | Reached skill level 1 in Armour
  1024 | D:2      | Reached XP level 3. HP: 18/24 MP: 1/6
  1308 | D:2      | Reached skill level 1 in Short Blades
  1650 | D:2      | HP: 1/24 [poisoned by an adder]
  1651 | D:2      | Slain by a giant newt

Action                   || total
-------------------------++-------
Melee: Dagger            ||   124
       Unarmed           ||     5
       Rapier            ||    18
       Hunting sling     ||    15
 Cast: Summon Small Mamm ||    22
       Call Imp          ||     4
  Use: Potion            ||     4
       Scroll            ||     4
 Stab: Sleeping          ||     4
  Eat: Corpse            ||    12
